[Event "55th Rubinstein Memorial-C 2019"]
[Site "Polanica-Zdroj"]
[Date "2019.08.24"]
[Round "8.13"]
[White "Ursnik, Patryk"]
[Black "Matuszczyk, Mateusz"]
[Result "0-1"]
[ECO "B22"]
[WhiteElo "1497"]
[BlackElo "1808"]
[Annotator "NA"]
[PlyCount "70"]
[EventDate "2019.08.17"]
[EventType "swiss"]
[EventCountry "POL"]
[SourceTitle "playchess.com"]
[Source "ChessBase"]
[SourceQuality "1"]
[TimeControl "40/5400+30:1800+30"]

1. e4 c5 2. c3 d5 3. exd5 Qxd5 4. d4 Nc6 5. Nf3 Bg4 6. Be2 cxd4 7. cxd4 e6 8. O-O Nf6 9. h3 Bxf3 10. Bxf3 Qd7 11. Be3 Be7 12. Nc3 Rd8 $11 13. Qb3 O-O 14. Rfd1 Nd5 15. Nxd5 exd5 16. a3 f5 17. Bf4 g5 18. Be5 g4 19. hxg4 fxg4 20. Be2 Nxe5 21. dxe5 Bc5 22. Rf1 Qf5 23. Qg3 h5 24. Bd3 Qg5 25. e6 Rf4 26. Rac1 h4 27. Bh7+ Kh8 28. Qd3 Bd6 29. Qg6 Qe5 30. Rce1 Re4 31. f4 gxf3 32. Rxe4 dxe4 33. e7 Rc8 34. Qxe4 Qh2+ 35. Kf2 Qg3+ 0-1

[Event "55th Rubinstein Memorial-C 2019"]
[Site "Polanica-Zdroj"]
[Date "2019.08.24"]
[Round "8.14"]
[White "Szydelko, Michal"]
[Black "Wrona, Florian"]
[Result "1-0"]
[ECO "B23"]
[WhiteElo "1752"]
[BlackElo "1606"]
[Annotator "NA"]
[PlyCount "45"]
[EventDate "2019.08.17"]
[EventType "swiss"]
[EventCountry "POL"]
[SourceTitle "playchess.com"]
[Source "ChessBase"]
[SourceQuality "1"]
[TimeControl "40/5400+30:1800+30"]

1. e4 c5 2. Nc3 d6 3. g3 Nf6 4. Bg2 e5 5. Nge2 Be7 6. O-O O-O 7. d3 Nc6 8. f4 exf4 9. gxf4 Bg4 10. Qe1 Nh5 11. Be3 f5 12. Qd2 Rb8 13. Nd5 g6 14. Nec3 Nf6 15. Rae1 Re8 16. Bf2 Nxd5 17. Nxd5 Bf6 18. c3 Rc8 19. exf5 Rxe1 20. Rxe1 Bxf5 21. Re8+ Qxe8 22. Nxf6+ Kf7 23. Nxe8 1-0

[Event "55th Rubinstein Memorial-C 2019"]
[Site "Polanica-Zdroj"]
[Date "2019.08.24"]
[Round "8.15"]
[White "Gajzner, Ryszard"]
[Black "Myrmus, Mateusz"]
[Result "1/2-1/2"]
[ECO "D30"]
[WhiteElo "1740"]
[BlackElo "1598"]
[Annotator "NA"]
[PlyCount "148"]
[EventDate "2019.08.17"]
[EventType "swiss"]
[EventCountry "POL"]
[SourceTitle "playchess.com"]
[Source "ChessBase"]
[SourceQuality "1"]
[TimeControl "40/5400+30:1800+30"]

1. d4 d5 2. c4 e6 3. Nf3 c5 4. cxd5 exd5 5. g3 Nf6 6. Bg2 c4 7. O-O Be7 8. b3 cxb3 9. axb3 O-O 10. Nc3 Nc6 11. Ne5 Be6 12. Nxc6 bxc6 13. Ba3 Bxa3 14. Rxa3 Qb6 15. Na4 Qb4 16. Qa1 Nd7 17. Rc1 Rfc8 18. Nc5 Nxc5 19. Rxc5 a5 20. e3 Bd7 21. Bf1 Ra7 22. Bd3 Rca8 23. Bc2 Qd2 24. Ra2 Qb4 25. Ra4 Qd2 26. Qd1 Qxd1+ 27. Bxd1 Kf8 28. f3 Ke7 29. e4 Kd6 30. Ra1 f6 31. Kf2 Re8 32. exd5 cxd5 33. Raxa5 Rxa5 34. Rxa5 Rb8 35. Ra6+ Bc6 36. Ke3 Re8+ 37. Kd2 Kc7 38. Bc2 Bb7 39. Ra5 Kb6 40. Rc5 h6 41. b4 Ra8 42. Bb3 Rd8 43. Ke3 g5 44. Kd2 Bc6 45. b5 Bb7 46. Bc2 Ra8 47. Ke3 Ra3+ 48. Bd3 Ra2 49. Be2 Ra3+ 50. Kd2 Ra4 51. Kc3 Ra2 52. Kd3 Ra1 53. f4 Rh1 54. fxg5 fxg5 55. h4 gxh4 56. gxh4 Rh3+ 57. Kd2 Rxh4 58. Ke3 Rh3+ 59. Bf3 h5 60. Kf4 h4 61. Bxd5 Bxd5 62. Rxd5 Rh1 63. Rh5 h3 64. Kg3 Rd1 65. Rd5 Rd3+ 66. Kh2 Rb3 67. Rh5 Rxb5 68. Rxh3 Rg5 69. Rc3 Rg4 70. Rd3 Kc6 71. Kh3 Rg8 72. Kh4 Kd5 73. Kh5 Rg1 74. Kh4 Rg8 1/2-1/2

[Event "55th Rubinstein Memorial-C 2019"]
[Site "Polanica-Zdroj"]
[Date "2019.08.24"]
[Round "8.16"]
[White "Rylski, Tadeusz"]
[Black "Zgoda, Damian"]
[Result "1-0"]
[ECO "A40"]
[WhiteElo "1616"]
[BlackElo "1725"]
[Annotator "NA"]
[PlyCount "72"]
[EventDate "2019.08.17"]
[EventType "swiss"]
[EventCountry "POL"]
[SourceTitle "playchess.com"]
[Source "ChessBase"]
[SourceQuality "1"]
[TimeControl "40/5400+30:1800+30"]

1. d4 g6 2. c4 Bg7 3. Nf3 d6 4. g3 Nd7 5. Bg2 e5 6. Nc3 Ne7 7. e4 O-O 8. Be3 c6 9. O-O f5 10. Qc2 h6 11. Rad1 f4 12. Bc1 g5 13. c5 dxc5 14. dxe5 g4 15. e6 gxf3 16. Bh3 fxg3 17. exd7 gxh2+ 18. Kxh2 Nd5 19. exd5 Bxd7 20. Qg6 Qh4 21. Qg3 Qh5 22. Rg1 Rf7 23. dxc6 Bxc6 24. Rde1 Kh8 25. Qg4 Qxg4 26. Bxg4 Rd8 27. Be3 Be5+ 28. Kh3 h5 29. Be6 Rh7 30. Bg5 Re8 31. Rxe5 Rxe6 32. Rxe6 Bd7 33. Bf6+ Rg7 34. Bxg7+ Kh7 35. Rge1 Kxg7 36. Kh4 Bc6 1-0

[Event "55th Rubinstein Memorial-C 2019"]
[Site "Polanica-Zdroj"]
[Date "2019.08.24"]
[Round "8.17"]
[White "Simon, Marek"]
[Black "Pisarek, Elzbieta"]
[Result "1-0"]
[ECO "E11"]
[WhiteElo "1879"]
[BlackElo "1581"]
[Annotator "NA"]
[PlyCount "75"]
[EventDate "2019.08.17"]
[EventType "swiss"]
[EventCountry "POL"]
[SourceTitle "playchess.com"]
[Source "ChessBase"]
[SourceQuality "1"]
[TimeControl "40/5400+30:1800+30"]

1. d4 Nf6 2. c4 e6 3. Nf3 Bb4+ 4. Nbd2 O-O 5. a3 Bxd2+ 6. Qxd2 b6 7. e3 Bb7 8. Be2 d6 9. O-O Nbd7 10. b4 c5 11. dxc5 dxc5 12. Rd1 Qe7 13. Bb2 Rfd8 $11 14. Qc3 Qf8 15. b5 Ne4 16. Qc2 h6 17. a4 a6 18. Ne5 Nxe5 19. Bxe5 Nd6 20. a5 bxa5 21. Rxa5 axb5 22. Rxa8 Bxa8 23. cxb5 Ne4 24. Rxd8 Qxd8 25. f3 Qd2 26. Qxd2 Nxd2 27. b6 Bb7 28. Kf2 Nb3 29. Bc3 c4 30. Bb4 c3 31. Bd3 Nc1 32. Bc4 Bd5 33. Bxc3 Bb7 34. Bb2 Kf8 35. Bxc1 Ke7 36. Ba3+ Kd7 37. Bb5+ Bc6 38. b7 1-0

[Event "55th Rubinstein Memorial-C 2019"]
[Site "Polanica-Zdroj"]
[Date "2019.08.24"]
[Round "8.18"]
[White "Raczek, Krzysztof"]
[Black "Talik, Patryk"]
[Result "0-1"]
[ECO "C02"]
[WhiteElo "1587"]
[BlackElo "1975"]
[Annotator "NA"]
[PlyCount "98"]
[EventDate "2019.08.17"]
[EventType "swiss"]
[EventCountry "POL"]
[SourceTitle "playchess.com"]
[Source "ChessBase"]
[SourceQuality "1"]
[TimeControl "40/5400+30:1800+30"]

1. e4 e6 2. d4 d5 3. e5 c5 4. c3 Nc6 5. Nf3 Qb6 6. a3 f6 7. Bd3 fxe5 8. Nxe5 Nxe5 9. dxe5 g6 10. O-O Bg7 11. Re1 Ne7 12. Kh1 (12. Bc2 $14 {stays ahead.}) 12... c4 13. Bc2 Qxf2 14. Rf1 Qb6 15. Qe2 Bd7 16. Bg5 Rf8 17. Nd2 $11 Qc7 18. Rxf8+ Bxf8 19. Qf2 Qb6 20. Qxb6 axb6 21. g4 Ba4 22. Bb1 Nc6 23. Nf3 Kd7 24. Bf6 Bd1 25. Ng5 Bxg4 26. Nxh7 Bh5 27. Ng5 Be7 28. h4 Bxf6 29. exf6 Rf8 30. f7 Ne5 31. Bc2 Nxf7 32. Ba4+ Ke7 33. Rf1 Nxg5 34. Rxf8 Kxf8 35. hxg5 Ke7 36. Kg2 Bg4 37. Kg3 Bf5 38. Bd1 Kd6 39. Kf4 e5+ 40. Ke3 Kc5 41. Bf3 d4+ 42. cxd4+ exd4+ 43. Kd2 Kd6 44. Bxb7 Ke5 45. a4 Be6 46. Kc1 Kf4 47. Kd2 Kxg5 48. b4 cxb3 49. Be4 Bf5 0-1

[Event "55th Rubinstein Memorial-C 2019"]
[Site "Polanica-Zdroj"]
[Date "2019.08.24"]
[Round "8.19"]
[White "Rog, Bartlomiej"]
[Black "Binkowska, Agata"]
[Result "1/2-1/2"]
[ECO "B40"]
[WhiteElo "1540"]
[BlackElo "1896"]
[Annotator "NA"]
[PlyCount "71"]
[EventDate "2019.08.17"]
[EventType "swiss"]
[EventCountry "POL"]
[SourceTitle "playchess.com"]
[Source "ChessBase"]
[SourceQuality "1"]
[TimeControl "40/5400+30:1800+30"]

1. e4 c5 2. Nf3 e6 3. d3 Nc6 4. g3 d6 5. Bg2 Nge7 6. O-O g6 7. d4 cxd4 8. Nxd4 a6 9. c4 Bg7 $11 10. Be3 O-O 11. Nc3 Ne5 12. b3 f5 13. h3 Nf7 14. Rc1 Rb8 15. f4 Bd7 16. Qe2 Qc8 17. Rfd1 e5 18. Nf3 Bc6 19. Bb6 exf4 20. gxf4 Re8 21. Nd4 fxe4 22. Nd5 Nf5 23. Nxf5 Qxf5 24. Qe3 Bh6 25. Qc3 Bxd5 26. Rxd5 Qxf4 27. Rf1 Qh4 28. Bc7 Rbc8 29. Bxd6 Bg7 30. Qe3 Nxd6 31. Rxd6 Be5 32. Rd7 Rc7 33. Rff7 Rxd7 34. Rxd7 Bf4 35. Qc3 Be5 36. Qe3 1/2-1/2

[Event "55th Rubinstein Memorial-C 2019"]
[Site "Polanica-Zdroj"]
[Date "2019.08.24"]
[Round "8.20"]
[White "Obrochta, Lena"]
[Black "Jeske, Jerzy"]
[Result "1/2-1/2"]
[ECO "B74"]
[WhiteElo "1870"]
[BlackElo "1547"]
[Annotator "NA"]
[PlyCount "111"]
[EventDate "2019.08.17"]
[EventType "swiss"]
[EventCountry "POL"]
[SourceTitle "playchess.com"]
[Source "ChessBase"]
[SourceQuality "1"]
[TimeControl "40/5400+30:1800+30"]

1. e4 c5 2. Nf3 d6 3. d4 cxd4 4. Nxd4 Nf6 5. Nc3 g6 6. Be3 Bg7 7. Be2 Nc6 8. Nb3 O-O 9. O-O Bd7 10. f4 Rc8 11. Kh1 a6 12. a4 Be6 13. f5 Bxb3 14. cxb3 Qa5 15. g4 Qe5 16. Bd3 d5 17. Bf4 Qd4 18. e5 Nxe5 19. Be2 Qxd1 20. Raxd1 Nexg4 21. fxg6 hxg6 22. h3 Nh6 23. Nxd5 Rfe8 24. Nxf6+ exf6 25. Bxh6 Bxh6 26. Bc4 Rc7 27. Rxf6 Kg7 28. Rb6 Be3 29. Rbd6 Ree7 30. Kg2 Bc5 31. R6d5 Bb4 32. R5d4 Bc5 33. Rd5 a5 34. Rf1 b6 35. Rfd1 Rc6 36. R5d3 f5 37. Rd8 Kh7 38. Rf8 Rd6 39. Rxd6 Bxd6 40. Rf6 Bc5 41. Rc6 Rd7 42. Re6 Kh6 43. Kf3 Kg5 44. Bb5 Rh7 45. Bf1 Rh4 46. Kg3 Rd4 47. h4+ Kh6 48. Be2 Re4 49. Rxe4 fxe4 50. Kf4 e3 51. Kg4 Bd4 52. Kf3 Kg7 53. Ke4 Bc5 54. h5 gxh5 55. Bxh5 Kf6 56. Be2 1/2-1/2

[Event "55th Rubinstein Memorial-C 2019"]
[Site "Polanica-Zdroj"]
[Date "2019.08.24"]
[Round "8.21"]
[White "Mulawa, Cyprian"]
[Black "Gromada, Andrzej"]
[Result "1/2-1/2"]
[ECO "C06"]
[WhiteElo "1578"]
[BlackElo "1721"]
[Annotator "NA"]
[PlyCount "101"]
[EventDate "2019.08.17"]
[EventType "swiss"]
[EventCountry "POL"]
[SourceTitle "playchess.com"]
[Source "ChessBase"]
[SourceQuality "1"]
[TimeControl "40/5400+30:1800+30"]

1. e4 e6 2. d4 d5 3. Nd2 Nf6 4. e5 Nfd7 5. Bd3 c5 6. c3 Nc6 7. Ne2 cxd4 8. cxd4 f6 9. exf6 Qxf6 10. Nf3 h6 11. O-O Bd6 12. Ng3 Nf8 13. Re1 Bd7 14. Bc2 O-O-O 15. Ne5 Qh4 16. Nf7 Be8 17. Nxh8 Qf6 18. Be3 g5 19. Qf3 Qxh8 20. Rad1 Be7 21. Ba4 Ng6 22. Bxc6 Bxc6 23. Qf7 Qg8 24. Qxg8 Rxg8 25. Ne2 Nh4 26. Nc3 Kd7 27. Kh1 Rf8 28. Rf1 Nf5 29. Bc1 Bf6 30. Be3 Be7 31. g4 Nh4 32. f4 Rh8 33. Bf2 gxf4 34. Bxh4 Bxh4 35. Rxf4 Ke7 36. b4 b6 37. b5 Bb7 38. Rdf1 Rh7 39. Rf8 e5 40. R8f5 exd4 41. Ne2 d3 42. Nf4 d4+ 43. Kg1 d2 44. Ng6+ Kd6 45. Nxh4 Re7 46. Rd1 Re1+ 47. Rf1 Re2 48. Rf2 Re1+ 49. Rf1 Re2 50. Rf6+ Kc5 51. Rf2 1/2-1/2

[Event "55th Rubinstein Memorial-C 2019"]
[Site "Polanica-Zdroj"]
[Date "2019.08.24"]
[Round "8.22"]
[White "Szydelko, Kazimierz"]
[Black "Werner, Kacper"]
[Result "1-0"]
[ECO "E68"]
[WhiteElo "1717"]
[BlackElo "1435"]
[Annotator "NA"]
[PlyCount "119"]
[EventDate "2019.08.17"]
[EventType "swiss"]
[EventCountry "POL"]
[SourceTitle "playchess.com"]
[Source "ChessBase"]
[SourceQuality "1"]
[TimeControl "40/5400+30:1800+30"]

1. d4 Nf6 2. Nf3 g6 3. c4 Bg7 4. g3 O-O 5. Bg2 d6 6. O-O Nbd7 7. Nc3 e5 8. e4 h6 9. h3 Kh7 10. Be3 Qe7 11. Qc2 c5 12. dxe5 dxe5 13. Rad1 b6 14. a4 Bb7 15. Nd2 Rfd8 16. Nb3 a5 17. Nd5 Nxd5 18. cxd5 Nf6 19. Nd2 Ne8 20. Nc4 Qc7 21. Qb3 Ba6 22. Rfe1 Rab8 23. Bf1 Bxc4 24. Qxc4 Nd6 25. Qc2 Qd7 26. g4 g5 27. b3 Kg8 28. f3 f6 29. Re2 Kf7 30. Rh2 Rh8 31. h4 Rbg8 32. Kg2 Ke7 33. Bc4 Qe8 34. Rdh1 Qb8 35. Qd2 Kf7 36. Kg3 Kg6 37. Qg2 Kf7 38. Rh3 Qe8 39. Qe2 Qc8 40. Qd2 Kg6 41. R1h2 Qd8 42. Qc1 Kf7 43. Bd3 Qb8 44. Rc2 Rc8 45. Rh1 Qa8 46. Qd2 Qb7 47. Rhc1 Ra8 48. Qe2 Qd7 49. Qd2 Qb7 50. Bb5 Rac8 51. Bc6 Qa7 52. Bxc5 bxc5 53. Rxc5 Rhd8 54. Rxa5 Qb6 55. b4 Nxe4+ 56. fxe4 Rxc6 57. Rxc6 Qxc6 58. dxc6 Rxd2 59. c7 Rc2 60. Rc5 1-0

[Event "55th Rubinstein Memorial-C 2019"]
[Site "Polanica-Zdroj"]
[Date "2019.08.24"]
[Round "8.23"]
[White "Arciszewska, Zuzanna"]
[Black "Szandurski, Radoslaw"]
[Result "1/2-1/2"]
[ECO "D35"]
[WhiteElo "1499"]
[BlackElo "1681"]
[Annotator "NA"]
[PlyCount "141"]
[EventDate "2019.08.17"]
[EventType "swiss"]
[EventCountry "POL"]
[SourceTitle "playchess.com"]
[Source "ChessBase"]
[SourceQuality "1"]
[TimeControl "40/5400+30:1800+30"]

1. d4 d5 2. c4 e6 3. Nc3 Nf6 4. Bf4 Bd6 5. Bxd6 Qxd6 6. e3 b6 7. Nf3 O-O 8. cxd5 exd5 9. Bd3 c5 10. dxc5 bxc5 11. O-O Bg4 12. Rc1 Nbd7 13. Be2 Rfd8 14. h3 Bh5 15. Qd2 Nb6 16. Rfd1 Rac8 17. b3 Qe7 18. Qb2 Rc7 19. Nb5 Rcc8 20. Nc3 Rb8 21. Qc2 Rbc8 22. Qb2 h6 23. Kh1 Ne4 24. Nxe4 dxe4 25. Nh2 Bxe2 26. Qxe2 Rc7 27. Nf1 Rxd1 28. Qxd1 Qe5 29. Qc2 f5 30. Nd2 Kf7 31. Kg1 Ke7 32. Nc4 Nxc4 33. Qxc4 Qe6 34. Qc3 Qf6 35. Qa5 Qb6 36. Qc3 Qf6 37. Qxf6+ Kxf6 38. Kf1 Ke5 39. Ke2 Kd5 40. Rc4 Kc6 41. Kd2 Rd7+ 42. Kc2 Kb5 43. Rc3 Rd6 44. Rc4 h5 45. h4 a5 46. Kc1 g5 47. hxg5 Rg6 48. Rc2 Rxg5 49. g3 h4 50. gxh4 Rg2 51. Rd2 Rh2 52. Kb2 Kc6 53. Ka3 f4 54. exf4 e3 55. Rd1 Rxf2 56. Re1 Rf3 57. h5 Kd5 58. h6 Rh3 59. h7 Ke4 60. Ka4 Rxh7 61. Kxa5 Ra7+ 62. Kb5 Rxa2 63. Kxc5 Kxf4 64. b4 e2 65. b5 Ke3 66. b6 Kd2 67. Rxe2+ Kxe2 68. b7 Rb2 69. Kc6 Kd3 70. Kc7 Rxb7+ 71. Kxb7 1/2-1/2

[Event "55th Rubinstein Memorial-C 2019"]
[Site "Polanica-Zdroj"]
[Date "2019.08.24"]
[Round "8.24"]
[White "Brzozowski, Pawel"]
[Black "Grzelak, Piotr"]
[Result "1-0"]
[ECO "C02"]
[WhiteElo "1496"]
[BlackElo "1673"]
[Annotator "NA"]
[PlyCount "73"]
[EventDate "2019.08.17"]
[EventType "swiss"]
[EventCountry "POL"]
[SourceTitle "playchess.com"]
[Source "ChessBase"]
[SourceQuality "1"]
[TimeControl "40/5400+30:1800+30"]

1. e4 e6 2. d4 d5 3. e5 c5 4. c3 Nc6 5. Nf3 Bd7 6. a3 f6 7. b4 cxb4 8. cxb4 a6 9. Bf4 Qb6 10. Nc3 Nce7 11. Rc1 Ng6 12. Be3 N8e7 13. Bd3 Nc6 14. Na4 Qd8 15. Qc2 f5 16. h4 Rc8 17. Qb3 Be7 18. Nc5 Bxc5 19. Rxc5 h5 20. Bg5 Qb6 21. O-O Kf7 22. Rfc1 Nge7 23. Be2 Na7 24. Bxe7 Kxe7 25. Qe3 Qd8 26. Qg5+ Kf7 27. Qe3 Rxc5 28. dxc5 Bb5 29. Bxb5 Nxb5 30. a4 Na7 31. Ng5+ Ke7 32. b5 axb5 33. c6 Nxc6 34. axb5 Nb8 35. Qc5+ Ke8 36. Nxe6 b6 37. Qc8 1-0

[Event "55th Rubinstein Memorial-C 2019"]
[Site "Polanica-Zdroj"]
[Date "2019.08.24"]
[Round "8.25"]
[White "Zyla, Tomasz"]
[Black "Wianecki, Mateusz"]
[Result "1/2-1/2"]
[ECO "A41"]
[WhiteElo "1471"]
[BlackElo "1634"]
[Annotator "NA"]
[PlyCount "98"]
[EventDate "2019.08.17"]
[EventType "swiss"]
[EventCountry "POL"]
[SourceTitle "playchess.com"]
[Source "ChessBase"]
[SourceQuality "1"]
[TimeControl "40/5400+30:1800+30"]

1. d4 d6 2. c4 e5 3. e3 Nc6 4. d5 Nce7 5. Nc3 g6 6. f4 exf4 7. exf4 Bg7 8. g3 Nf6 9. Bg2 O-O 10. Nf3 Re8 11. O-O Bd7 12. Qb3 Qc8 13. Bd2 b6 14. Rae1 Bh3 15. Re2 Bxg2 16. Kxg2 Nf5 17. Rfe1 Rxe2+ 18. Rxe2 c6 19. h3 h5 20. a4 Qb7 21. Be1 Rc8 22. Bf2 cxd5 23. cxd5 Ne7 24. Rd2 Nf5 25. Nd4 Nxd4 26. Bxd4 Qd7 27. Bxf6 Bxf6 28. Ne4 Be7 29. Rc2 Rxc2+ 30. Qxc2 Qf5 31. Qc4 h4 32. b4 hxg3 33. Kxg3 Bh4+ 34. Kg2 Qxf4 35. Qc8+ Kg7 36. Qg4 Qxg4+ 37. hxg4 Be7 38. Kf3 f5 39. gxf5 gxf5 40. Nd2 Kf6 41. Nc4 Kg5 42. b5 Kf6 43. Kf4 Bf8 44. a5 bxa5 45. Nxa5 Bh6+ 46. Kf3 Ke5 47. Nc6+ Kxd5 48. Nxa7 Kc5 49. Nc8 Kxb5 1/2-1/2

[Event "55th Rubinstein Memorial-C 2019"]
[Site "Polanica-Zdroj"]
[Date "2019.08.24"]
[Round "8.26"]
[White "Mytnik, Kinga"]
[Black "Rzenca, Jerzy"]
[Result "1-0"]
[ECO "B10"]
[WhiteElo "1620"]
[BlackElo "1419"]
[Annotator "NA"]
[PlyCount "69"]
[EventDate "2019.08.17"]
[EventType "swiss"]
[EventCountry "POL"]
[SourceTitle "playchess.com"]
[Source "ChessBase"]
[SourceQuality "1"]
[TimeControl "40/5400+30:1800+30"]

1. e4 c6 2. d3 d5 3. Nd2 e5 4. Ngf3 Bd6 5. g3 Nf6 6. Bg2 O-O 7. O-O Qc7 8. c3 Rd8 9. Qc2 Nbd7 10. a3 a5 11. b3 Nf8 12. Bb2 Ng6 13. Rfe1 Be6 14. Ng5 Bd7 15. c4 h6 16. Ngf3 dxe4 17. dxe4 Bc5 18. h3 Re8 19. Bc3 b6 20. b4 Bd6 21. Nb3 a4 22. Nc1 b5 23. c5 Bf8 24. Qb2 Nh7 25. h4 f6 26. Nd3 Qc8 27. Rad1 Bh3 28. Qe2 Bxg2 29. Kxg2 Qg4 30. Qa2+ Kh8 31. Qe2 Rad8 32. Kh2 Re7 33. Ndxe5 Nxe5 34. Nxe5 Qxe2 35. Ng6+ 1-0

[Event "55th Rubinstein Memorial-C 2019"]
[Site "Polanica-Zdroj"]
[Date "2019.08.24"]
[Round "8.27"]
[White "Filipska, Maja"]
[Black "Celebias, Filip"]
[Result "1-0"]
[ECO "A46"]
[WhiteElo "1605"]
[BlackElo "1336"]
[Annotator "NA"]
[PlyCount "135"]
[EventDate "2019.08.17"]
[EventType "swiss"]
[EventCountry "POL"]
[SourceTitle "playchess.com"]
[Source "ChessBase"]
[SourceQuality "1"]
[TimeControl "40/5400+30:1800+30"]

1. d4 Nf6 2. Nf3 e6 3. e3 b6 4. Bd3 Bb7 5. Nbd2 Be7 6. O-O O-O 7. c4 d5 8. b3 Nbd7 9. Qc2 dxc4 10. Nxc4 c5 11. Nfe5 cxd4 12. exd4 Rc8 13. Qe2 Nd5 14. Nxd7 Qxd7 15. Ne5 Qd6 16. Qe4 f5 17. Qe2 Nc3 18. Qe3 Rf6 19. Bc4 Nd5 20. Qe2 Rff8 21. Re1 Bf6 22. Nf3 Rfe8 23. a4 a5 24. Ba3 Qf4 25. Rac1 Bxd4 26. Nxd4 Qxd4 27. Qf3 Bc6 28. Ba6 Nb4 29. Rxc6 Rxc6 30. Bb5 Rc3 31. Bb2 Rec8 32. Qe2 e5 33. Bc4+ Kh8 34. Bxc3 Qxc3 35. Qxe5 Qxe5 36. Rxe5 g6 37. Kf1 Rc6 38. Re7 Rd6 39. Ke2 Nc6 40. Rb7 Nd4+ 41. Ke3 g5 42. Bd3 f4+ 43. Ke4 Nxb3 44. Rb8+ Kg7 45. Bc2 Nc5+ 46. Kf5 Rd5+ 47. Kg4 Nd7 48. Rb7 Kh6 49. Kf3 Rd2 50. Bf5 Nf6 51. Rxb6 g4+ 52. Bxg4 Kg7 53. Bf5 Rd4 54. Bc2 Rc4 55. Bb3 Rc3+ 56. Kxf4 Nh5+ 57. Kg4 Nf6+ 58. Kf5 Rc5+ 59. Ke6 Ng4 60. f3 Nxh2 61. Rb5 Rc3 62. Bd5 Nf1 63. Rxa5 Ne3 64. Ra7+ Kh6 65. Be4 Ra3 66. Rxh7+ Kg5 67. Rg7+ Kf4 68. g3# 1-0

[Event "55th Rubinstein Memorial-C 2019"]
[Site "Polanica-Zdroj"]
[Date "2019.08.24"]
[Round "8.28"]
[White "Borowski, Przemyslaw"]
[Black "Kazmierowski, Tymon"]
[Result "0-1"]
[ECO "A30"]
[WhiteElo "1805"]
[BlackElo "1532"]
[Annotator "NA"]
[PlyCount "110"]
[EventDate "2019.08.17"]
[EventType "swiss"]
[EventCountry "POL"]
[SourceTitle "playchess.com"]
[Source "ChessBase"]
[SourceQuality "1"]
[TimeControl "40/5400+30:1800+30"]

1. c4 c5 2. g3 Nc6 3. Bg2 g6 4. e4 Bg7 5. Ne2 e5 6. O-O Nge7 7. Nbc3 O-O 8. a3 $11 d6 9. Rb1 a5 10. Nb5 Be6 11. d3 Qd7 12. Bd2 f5 13. f4 fxe4 14. Bxe4 Bh3 15. Bg2 Bxg2 16. Kxg2 Nf5 17. Nec3 Ncd4 18. Nxd4 exd4 19. Nd5 Rae8 20. Re1 Rxe1 21. Qxe1 Re8 22. Qf2 Ne3+ 23. Bxe3 dxe3 24. Qe2 b5 25. b3 Bd4 26. g4 Rf8 27. Rf1 bxc4 28. dxc4 Qe6 29. Kf3 h5 30. h3 h4 31. Qd3 g5 32. Qe4 Qxe4+ 33. Kxe4 gxf4 34. Nxf4 e2 35. Re1 Be5 36. Nd3 Rb8 37. Nxe5 dxe5 38. Rxe2 Rxb3 39. Re3 a4 40. Rf3 Kg7 41. Rf5 Rxa3 42. Rxe5 Rxh3 43. Rxc5 Rg3 44. Kf4 Rc3 45. g5 a3 46. Rd5 Rxc4+ 47. Kf3 Ra4 48. Rd1 a2 49. Ra1 Kg6 50. Kg2 Kxg5 51. Kf2 Kf4 52. Kg2 Kg4 53. Kf2 h3 54. Rg1+ Kf4 55. Ra1 h2 0-1

[Event "55th Rubinstein Memorial-C 2019"]
[Site "Polanica-Zdroj"]
[Date "2019.08.24"]
[Round "8.29"]
[White "Burdzicki, Stanislaw"]
[Black "Grzadka, Artur"]
[Result "1-0"]
[ECO "D88"]
[WhiteElo "1785"]
[BlackElo "1512"]
[Annotator "NA"]
[PlyCount "55"]
[EventDate "2019.08.17"]
[EventType "swiss"]
[EventCountry "POL"]
[SourceTitle "playchess.com"]
[Source "ChessBase"]
[SourceQuality "1"]
[TimeControl "40/5400+30:1800+30"]

1. d4 Nf6 2. c4 g6 3. Nc3 d5 4. cxd5 Nxd5 5. e4 Nxc3 6. bxc3 Bg7 7. Bc4 c5 8. Ne2 Nc6 9. Be3 cxd4 10. cxd4 O-O 11. O-O b6 12. Rc1 Bb7 13. Qd2 Na5 14. Bd3 Nc6 15. Bb5 Rc8 16. d5 Ne5 17. Rxc8 Bxc8 18. Nd4 a6 19. Be2 Bb7 20. Rc1 Qd6 21. f4 Nd7 22. Nc6 e6 23. e5 Qa3 24. Rc3 Qa4 25. Bd1 Qb5 26. Rb3 Qc4 27. Rb4 Qxb4 28. Nxb4 1-0

[Event "55th Rubinstein Memorial-C 2019"]
[Site "Polanica-Zdroj"]
[Date "2019.08.24"]
[Round "8.30"]
[White "Ziemski, Przemyslaw"]
[Black "Goral, Jan"]
[Result "1/2-1/2"]
[ECO "B20"]
[WhiteElo "1759"]
[BlackElo "1486"]
[Annotator "NA"]
[PlyCount "75"]
[EventDate "2019.08.17"]
[EventType "swiss"]
[EventCountry "POL"]
[SourceTitle "playchess.com"]
[Source "ChessBase"]
[SourceQuality "1"]
[TimeControl "40/5400+30:1800+30"]

1. e4 c5 2. c4 Nc6 3. Nc3 g6 4. g3 Bg7 5. Bg2 e6 6. Nge2 Nge7 7. O-O O-O 8. d3 d6 9. Be3 Nd4 10. Qd2 Bd7 11. Bh6 a6 12. Nxd4 cxd4 13. Bxg7 Kxg7 14. Ne2 Qb6 15. b4 e5 16. f4 f5 17. Rae1 Bc6 18. fxe5 dxe5 19. Nc1 fxe4 20. Bxe4 Qc7 21. Qe2 Rxf1+ 22. Rxf1 Bxe4 23. Qxe4 Nf5 24. Nb3 Re8 25. g4 Ne3 26. Rf3 Qc6 27. Qxc6 bxc6 28. Nc5 Rb8 29. g5 Nf5 30. a3 Ra8 31. Nd7 Re8 32. Nc5 Ra8 33. Rf2 Kf7 34. Rb2 Ke7 35. Ne4 Ke6 36. Nc5+ Kd6 37. Ne4+ Ke6 38. Nc5+ 1/2-1/2

[Event "55th Rubinstein Memorial-C 2019"]
[Site "Polanica-Zdroj"]
[Date "2019.08.24"]
[Round "8.31"]
[White "Hasterok, Lukasz"]
[Black "Milczarek, Robert"]
[Result "1-0"]
[ECO "A48"]
[WhiteElo "1531"]
[BlackElo "1698"]
[Annotator "NA"]
[PlyCount "85"]
[EventDate "2019.08.17"]
[EventType "swiss"]
[EventCountry "POL"]
[SourceTitle "playchess.com"]
[Source "ChessBase"]
[SourceQuality "1"]
[TimeControl "40/5400+30:1800+30"]

1. d4 Nf6 2. Nf3 g6 3. Bf4 Bg7 4. h3 d6 5. e3 O-O 6. Bc4 c5 7. c3 h6 8. Nbd2 Nc6 9. O-O b6 10. Bh2 Bb7 11. Rc1 Rc8 12. Re1 Nd7 13. a4 e5 14. dxc5 dxc5 15. Qc2 Na5 16. Ba2 Qe7 17. Ne4 c4 18. Rcd1 f5 19. Nd6 Bxf3 20. Nxc8 Qg5 21. Bg3 Be4 22. Qe2 Nc5 23. Nd6 Bc6 24. h4 Qf6 25. Bxc4+ Nxc4 26. Qxc4+ Kh7 27. f4 exf4 28. exf4 Bxa4 29. Rd4 Bb3 30. Qe2 Rd8 31. Ne8 Rxe8 32. Qxe8 Ne4 33. Rdxe4 fxe4 34. Qxe4 Qd6 35. h5 Qc5+ 36. Bf2 Qxh5 37. Qe7 Kg8 38. Qxa7 g5 39. fxg5 Qxg5 40. Qxb6 Bd5 41. Qb8+ Kh7 42. Qg3 Qd2 43. Re7 1-0

[Event "55th Rubinstein Memorial-C 2019"]
[Site "Polanica-Zdroj"]
[Date "2019.08.24"]
[Round "8.32"]
[White "Krzyzosiak, Marta"]
[Black "Ciesielski, Maciej"]
[Result "0-1"]
[ECO "B42"]
[WhiteElo "1684"]
[BlackElo "1486"]
[Annotator "NA"]
[PlyCount "82"]
[EventDate "2019.08.17"]
[EventType "swiss"]
[EventCountry "POL"]
[SourceTitle "playchess.com"]
[Source "ChessBase"]
[SourceQuality "1"]
[TimeControl "40/5400+30:1800+30"]

1. e4 c5 2. Nf3 e6 3. d4 cxd4 4. Nxd4 a6 5. Bd3 Qc7 6. O-O Nf6 7. Be3 Nc6 8. Qe2 b5 9. f3 Bd6 10. h3 Bh2+ 11. Kh1 Nh5 12. Qe1 Ng3+ 13. Kxh2 Nxf1+ 14. Kg1 Nxe3 15. Qxe3 Bb7 16. Nd2 O-O 17. Nxc6 dxc6 18. e5 c5 19. b3 Rad8 20. Re1 Rd7 21. Qg5 h6 22. Qh5 Qa5 23. Re2 Qxa2 24. Ne4 Rxd3 25. Nxc5 Rd1+ 26. Kh2 Bc6 27. f4 Qb1 28. Qg4 Rh1+ 29. Kg3 Qg1 30. Nd3 Rh2 31. Ne1 Rh1 32. Nf3 Bxf3 33. Qxf3 Qf1 34. Rf2 Qe1 35. Qd3 Rc8 36. c4 bxc4 37. bxc4 Qd1 38. Rd2 Qa4 39. Qe4 Qxc4 40. Rd4 Qc3+ 41. Rd3 Qe1+ 0-1